Map: Lightshade LE

Players

lwlwllwl - Winner!

  • Race: Terran Terran
  • League: Master
  • Spawn Location: 5:00

MarcoMan

  • Race: Protoss Protoss
  • League: Master
  • Spawn Location: 11:00

VOD

Have the link to the VOD?

Description

Time

  • Played on: Jan. 17, 2021, 9:05 p.m.
  • Length: 21:58
Show
View Real Time Build Order
Export as new Build Order

lwlwllwl Terran - Winner!

Build Orders: Reaper Expand 

Get SALT Encoding   

  12  0:00  SCV  
  13  0:12  SCV  
  14  0:17  Supply Depot  
  14  0:24  SCV  
  15  0:38  SCV  
  15  0:39  Barracks  
  16  0:44  Refinery  
  16  0:51  SCV  
  17  1:03  SCV  
  18  1:15  SCV  
  19  1:27  Orbital Command  
  19  1:28  Reaper  
  20  1:47  Command Center  
  20  1:53  SCV  
  21  1:58  Supply Depot  
  21  2:02  Marine  
  21  2:05  SCV  
  23  2:15  Factory  
  23  2:20  SCV  
  24  2:23  Barracks Reactor  
  24  2:28  Bunker  
  24  2:33  Refinery  
  24  2:34  SCV  
  25  2:46  SCV  
  25  2:58  SCV  
  26  3:01  Marine x2  
  26  3:02  Widow Mine  
  26  3:03  Starport  
  30  3:08  Orbital Command  
  30  3:13  SCV  
  30  3:19  Marine x2  
  33  3:25  Widow Mine, SCV  
  36  3:34  Supply Depot, SCV  
  36  3:37  Marine x2  
  38  3:43  SCV  
  38  3:46  Medivac  
  38  3:48  Widow Mine  
  43  3:51  SCV  
  44  3:56  SCV  
  44  4:00  Barracks  
  44  4:01  Supply Depot  
  45  4:07  Barracks  
  45  4:09  SCV  
  46  4:12  Factory Tech Lab  
  46  4:13  SCV  
  47  4:17  Starport Tech Lab  
  47  4:22  SCV  
  48  4:24  Supply Depot  
  48  4:25  SCV, Marine  
  48  4:26  Marine  
  51  4:33  Engineering Bay  
  51  4:36  SCV  
  52  4:40  SCV  
  52  4:43  Factory Reactor  
  53  4:46  Marine x2  
  53  4:47  Supply Depot  
  53  4:49  SCV  
  56  4:53  SCV  
  56  4:55  Stimpack  
  56  4:59  Marauder  
  59  5:01  Terran Infantry Weapons Level 1  
  59  5:02  SCV  
  59  5:04  Combat Shield  
  59  5:06  Marine x2  
  62  5:10  Marauder  
  62  5:13  SCV, Refinery  
  65  5:19  SCV  
  64  5:26  Marine  
  64  5:27  Starport Reactor, Marauder, Marine  
  64  5:28  SCV  
  64  5:29  Supply Depot  
  64  5:32  Marauder  
  64  5:33  SCV  
  64  5:34  Widow Mine  
  70  5:35  Widow Mine  
  70  5:40  SCV  
  70  5:41  Refinery  
  71  5:46  Marine x2  
  71  5:49  Marauder, SCV  
  76  5:52  Supply Depot  
  76  5:54  Marauder  
  78  5:58  SCV  
  78  6:03  Medivac x2  
  83  6:04  SCV  
  83  6:05  Marine x2  
  83  6:07  Widow Mine  
  83  6:09  Widow Mine  
  90  6:12  Marauder  
  90  6:15  Supply Depot  
  92  6:19  Marauder  
  92  6:23  Marine  
  92  6:24  Marine  
  96  6:27  Concussive Shells  
  96  6:34  Marauder  
  96  6:37  Supply Depot  
  98  6:42  Marauder  
  98  6:46  Command Center  
  100  6:52  Marine x2  
  102  6:55  Terran Infantry Armor Level 1  
  102  6:57  Marauder  
  102  7:00  Supply Depot  
  103  7:01  SCV  
  103  7:09  Marine  
  103  7:10  Marine  
  101  7:19  Marauder  
  101  7:21  Marine  
  92  7:26  SCV  
  92  7:28  Marauder  
  92  7:29  Barracks x2  
  83  7:37  Medivac x2  
  83  7:40  SCV x2  
  89  7:46  Supply Depot  
  89  7:47  Marauder, Marine  
  92  7:51  Marine  
  92  7:55  Marauder  
  95  8:00  SCV x2  
  95  8:01  Orbital Command  
  97  8:06  Supply Depot  
  97  8:11  Marauder, Marine  
  90  8:16  Marauder, Barracks Tech Lab x2  
  92  8:22  Armory  
  92  8:25  Engineering Bay, SCV  
  93  8:28  Orbital Command  
  93  8:29  SCV  
  93  8:32  Marine x2  
  96  8:38  SCV  
  96  8:39  Marauder  
  99  8:42  SCV  
  99  8:46  Widow Mine x2  
  104  8:51  SCV  
  104  8:53  Marine x2  
  104  8:54  SCV  
  109  8:55  SCV  
  109  8:58  Marine x2  
  109  8:59  Marine  
  112  9:08  Terran Infantry Armor Level 2, Terran Infantry Weapons Level 2  
  112  9:12  Terran Ship Weapons Level 1  
  112  9:18  Marine  
  112  9:20  SCV x3  
  116  9:27  Ghost Academy  
  116  9:28  Marauder, Command Center  
  116  9:29  Marine  
  118  9:35  SCV  
  118  9:36  SCV x2  
  118  9:37  Marine  
  122  9:40  Missile Turret, Refinery  
  122  9:44  Refinery  
  122  9:46  Viking x2  
  126  9:53  Marauder  
  126  9:57  Marine x2  
  126  9:58  Marauder  
  134  10:16  Viking x2  
  134  10:20  Starport  
  140  10:25  Marine  
  140  10:26  Marauder, Ghost x3  
  140  10:27  Marine  
  146  10:30  Supply Depot  
  149  10:43  Widow Mine x2, Marine  
  149  10:45  Marine  
  149  10:46  Ghost  
  151  10:54  Viking x2  
  151  10:55  Marauder, Marine  
  151  10:56  Marauder  
  149  11:07  Marine  
  145  11:12  SCV x2  
  145  11:13  SCV  
  145  11:16  Enhanced Shockwaves  
  148  11:21  Starport Reactor  
  148  11:22  Ghost  
  148  11:23  Ghost  
  148  11:24  Marauder, Marine x2  
  148  11:25  SCV x2  
  158  11:28  Sensor Tower, Widow Mine  
  158  11:29  Widow Mine  
  158  11:31  Missile Turret  
  162  11:33  Sensor Tower  
  162  11:36  SCV  
  162  11:37  SCV  
  162  11:38  Medivac  
  162  11:39  Medivac  
  169  11:42  Marauder  
  169  11:45  Planetary Fortress  
  162  11:49  Marauder, Marine  
  162  11:53  Marine x2  
  149  11:54  Marauder  
  125  12:03  Marine  
  125  12:04  SCV  
  125  12:07  Marine  
  112  12:10  Marine  
  112  12:11  Marine  
  112  12:12  Marauder, Viking x2  
  112  12:15  Marine  
  120  12:16  SCV x3  
  120  12:21  Marine  
  124  12:23  Refinery  
  124  12:24  Marine  
  124  12:28  Marine  
  124  12:29  Medivac x2  
  130  12:33  Terran Infantry Weapons Level 3  
  130  12:35  Terran Infantry Armor Level 3  
  130  12:38  SCV x3  
  130  12:42  Terran Ship Weapons Level 2  
  135  12:44  Widow Mine  
  135  12:49  Viking x2  
  139  12:55  Refinery  
  139  12:56  SCV  
  139  12:57  SCV x2  
  139  12:58  SCV, Marine  
  140  13:02  Medivac, Viking  
  144  13:06  Marine  
  144  13:08  Widow Mine  
  144  13:09  Marine  
  144  13:11  Marauder, Marine  
  144  13:12  Marine  
  147  13:13  SCV  
  147  13:16  Marine  
  147  13:17  Widow Mine  
  147  13:19  Viking  
  154  13:24  Marine  
  154  13:26  Bunker  
  155  13:27  Marauder  
  155  13:28  SCV x2  
  155  13:29  Marauder, Widow Mine, SCV x2  
  165  13:34  Ghost  
  165  13:36  Command Center  
  166  13:41  Supply Depot  
  166  13:47  Medivac x2, Viking  
  166  13:59  Ghost, Marine x2  
  166  14:01  Personal Cloaking  
  169  14:06  Marine  
  169  14:07  Barracks  
  169  14:09  Barracks  
  166  14:19  Marine  
  166  14:23  Fusion Core  
  166  14:24  Armory  
  165  14:28  Command Center  
  165  14:33  Marine  
  165  14:36  Supply Depot  
  166  14:40  Marine x2  
  168  14:53  Liberator x4  
  168  14:57  Marine  
  168  14:58  Starport  
  181  15:00  Marine  
  181  15:05  Marine  
  181  15:08  Marine  
  181  15:09  SCV  
  181  15:11  Marine x2  
  177  15:24  Supply Depot  
  177  15:26  Terran Ship Weapons Level 3, Neosteel Armor, Hi-Sec Auto Tracking  
  177  15:29  Marine  
  177  15:30  Advanced Ballistics  
  177  15:32  Terran Vehicle And Ship Armor Level 1, Nuke  
  178  15:36  Marine  
  178  15:41  Command Center  
  179  15:49  Marine x2  
  155  15:50  Marauder  
  155  15:52  Marine x2  
  155  15:53  Marauder x2  
  155  15:54  Marine  
  156  16:05  SCV  
  156  16:07  Marine x2  
  156  16:10  Marauder, Marine  
  164  16:11  Marauder  
  164  16:12  Marine  
  164  16:14  Marauder, Marine  
  168  16:25  Marine x2  
  170  16:28  Marine  
  170  16:30  Marine  
  170  16:31  SCV  
  170  16:32  Marauder x3  
  177  16:35  SCV, Marine  
  179  16:42  SCV x2, Marine x2  
  179  16:45  Marine  
  185  16:47  Marine  
  185  16:53  Marauder x3, Marine  
  192  17:00  Marine x2  
  178  17:02  SCV x4  
  178  17:03  Marine  
  178  17:05  Marine  
  184  17:10  Rapid Reignition System  
  184  17:11  Marine  
  184  17:14  Ghost x2, Marine  
  184  17:15  Liberator x3  
  190  17:18  Marine  
  200  17:39  Missile Turret  
  200  17:40  Sensor Tower  
  200  17:50  Marine  
  198  17:54  Marine  
  198  17:55  SCV  
  198  17:56  Marine  
  198  17:57  Marauder, SCV x2  
  194  17:59  SCV  
  194  18:02  Planetary Fortress  
  194  18:04  Marine  
  194  18:05  Marine  
  197  18:16  SCV  
  197  18:17  SCV x2  
  197  18:30  Marauder, Marine x2  
  197  18:31  SCV  
  194  18:36  Marine  
  194  18:38  Marine  
  194  18:39  Marine  
  194  18:41  Marine  
  187  18:50  Barracks  
  187  18:51  Barracks x2  
  187  18:53  Supply Depot  
  182  18:56  Supply Depot  
  182  18:57  Supply Depot  
  172  19:23  Refinery  
  172  19:24  Supply Depot x2  
  159  20:02  Supply Depot, Command Center  
  159  20:04  Engineering Bay, Supply Depot  
  159  20:13  Barracks Tech Lab  
  157  20:15  Barracks Tech Lab  
  138  20:50  Supply Depot  
  126  21:01  Supply Depot  
  126  21:03  Supply Depot x2  
  126  21:04  Supply Depot  
  126  21:13  Orbital Command  
  126  21:23  SCV, Marine  
  126  21:24  SCV  
  92  21:35  SCV, Marine x2  
  92  21:36  SCV  
Show
View Real Time Build Order
Export as new Build Order

MarcoMan Protoss 

Build Orders: 1 Gate Expand, Blink Stalkers 

Get SALT Encoding   

  12  0:01  Probe  
  13  0:13  Probe  
  14  0:18  Pylon  
  14  0:25  Probe (Chrono Boost)  
  15  0:38  Gateway, Probe (Chrono Boost)  
  16  0:44  Probe (Chrono Boost)  
  16  0:47  Assimilator  
  17  0:52  Probe  
  18  1:04  Probe  
  19  1:16  Probe  
  20  1:25  Cybernetics Core  
  20  1:36  Probe, Nexus  
  21  1:44  Pylon  
  21  1:49  Probe  
  21  1:53  Assimilator  
  22  2:01  Probe  
  23  2:02  Adept (Chrono Boost)  
  25  2:13  Probe  
  26  2:16  Warp Gate  
  26  2:25  Probe  
  26  2:27  Stalker  
  29  2:37  Probe  
  29  2:44  Twilight Council  
  30  2:49  Probe  
  30  2:51  Probe  
  32  3:01  Probe  
  32  3:02  Sentry  
  32  3:03  Probe  
  36  3:07  Gateway  
  36  3:10  Gateway  
  36  3:14  Probe  
  36  3:15  Probe  
  36  3:18  Blink (Chrono Boost)  
  38  3:26  Probe  
  39  3:27  Probe  
  40  3:38  Probe  
  40  3:39  Probe  
  42  3:49  Pylon  
  42  3:50  Probe  
  42  3:51  Probe  
  44  4:02  Probe  
  45  4:03  Probe  
  45  4:09  Robotics Facility  
  46  4:10  Stalker x3  
  46  4:14  Probe  
  46  4:16  Probe  
  54  4:21  Pylon  
  54  4:39  Probe  
  54  4:41  Stalker x2  
  54  4:42  Pylon  
  54  4:45  Nexus  
  59  4:47  Pylon  
  59  4:49  Probe  
  59  4:51  Probe  
  59  4:52  Assimilator  
  61  4:54  Assimilator  
  61  4:58  Observer  
  62  5:02  Probe  
  62  5:04  Probe  
  65  5:14  Probe  
  65  5:20  Observer  
  66  5:26  Probe  
  57  5:31  Charge (Chrono Boost), Probe  
  58  5:38  Probe  
  58  5:40  Gateway, Forge  
  59  5:44  Probe (Chrono Boost)  
  60  5:50  Robotics Bay, Probe (Chrono Boost)  
  60  5:54  Gateway  
  62  5:57  Gateway  
  62  6:01  Shield Battery, Probe x2 (Chrono Boost)  
  63  6:05  Probe (Chrono Boost)  
  63  6:07  Probe (Chrono Boost), Immortal (Chrono Boost)  
  63  6:11  Probe  
  70  6:16  Observer, Probe  
  70  6:18  Gateway  
  71  6:19  Probe  
  71  6:23  Probe  
  73  6:28  Probe  
  74  6:34  Sentry  
  74  6:37  Colossus (Chrono Boost)  
  76  6:43  Probe  
  76  6:44  Photon Cannon  
  83  6:49  Zealot x3  
  83  6:53  Pylon  
  89  6:55  Shield Battery  
  89  7:02  Pylon  
  87  7:08  Zealot x2  
  87  7:09  Zealot x2  
  84  7:21  Zealot x3  
  78  7:31  Zealot x3  
  78  7:32  Zealot  
  78  7:35  Probe  
  83  7:38  Photon Cannon  
  83  7:39  Protoss Ground Armor Level 1 (Chrono Boost), Probe x2  
  83  7:42  Assimilator  
  83  7:43  Pylon  
  85  7:46  Assimilator, Observer  
  85  7:47  Robotics Facility, Probe  
  87  7:51  Probe x2  
  87  7:54  Stalker  
  91  8:01  Stalker  
  91  8:02  Stalker  
  95  8:08  Observer  
  96  8:13  Probe  
  96  8:14  Probe x2  
  96  8:17  Forge  
  99  8:23  Photon Cannon  
  99  8:26  Probe x3  
  102  8:34  Sentry  
  102  8:35  Sentry  
  102  8:37  Zealot, Nexus  
  102  8:38  Probe  
  102  8:39  Pylon  
  109  8:51  Extended Thermal Lance  
  109  8:53  Protoss Ground Weapons Level 1 (Chrono Boost)  
  109  8:54  Colossus (Chrono Boost)  
  109  8:55  Pylon  
  109  8:57  Pylon  
  109  8:58  Probe  
  116  9:04  Shield Battery  
  116  9:08  Templar Archives  
  116  9:09  Probe  
  117  9:10  Immortal (Chrono Boost)  
  117  9:13  Probe x2  
  117  9:15  Pylon  
  123  9:19  Pylon  
  123  9:21  Probe  
  123  9:22  Zealot  
  126  9:25  Probe x2  
  128  9:35  Stalker x3  
  128  9:36  Stalker x3  
  140  9:48  Probe x2  
  140  9:49  Probe  
  140  9:50  Colossus x2 (Chrono Boost)  
  155  10:05  Stalker x3  
  155  10:10  Probe x3  
  155  10:12  Assimilator  
  158  10:15  Pylon  
  158  10:16  Assimilator  
  158  10:25  Protoss Ground Armor Level 2 (Chrono Boost)  
  158  10:28  Gateway  
  158  10:29  Gateway  
  158  10:31  Gateway  
  158  10:39  Pylon  
  150  11:06  Protoss Ground Weapons Level 2 (Chrono Boost)  
  150  11:16  Probe x3  
  153  11:18  Photon Cannon  
  153  11:20  Photon Cannon  
  153  11:21  Zealot x5  
  153  11:22  Shield Battery, Zealot x2  
  167  11:29  Nexus  
  167  11:33  Pylon  
  167  11:36  Pylon  
  167  11:39  Pylon  
  104  12:08  Zealot x2  
  104  12:09  Zealot x5  
  104  12:10  Zealot x2  
  104  12:11  Stalker  
  104  12:14  Immortal x2 (Chrono Boost)  
  118  12:18  Psionic Storm  
  126  12:29  Assimilator  
  126  12:33  Assimilator, Zealot x4  
  126  12:34  Zealot x2  
  138  12:37  Stalker x2  
  138  12:38  Sentry  
  138  12:39  Sentry  
  138  12:42  Disruptor (Chrono Boost)  
  138  12:43  Disruptor (Chrono Boost)  
  152  13:04  Probe  
  149  13:12  Photon Cannon, Observer  
  148  13:15  Photon Cannon  
  148  13:18  Zealot x4  
  148  13:19  Zealot  
  154  13:21  Protoss Ground Armor Level 3 (Chrono Boost)  
  154  13:26  Colossus  
  156  13:27  Probe x2  
  156  13:33  Observer  
  158  13:43  Stalker x3  
  158  13:44  Stalker x4  
  172  14:03  Photon Cannon  
  172  14:05  Photon Cannon  
  172  14:08  Photon Cannon  
  172  14:10  Shield Battery  
  172  14:13  Shield Battery  
  172  14:16  Disruptor  
  171  14:19  Disruptor  
  168  14:24  Photon Cannon  
  168  14:25  Shield Battery  
  168  14:31  Zealot x5  
  172  14:32  Zealot  
  172  14:33  Zealot x2  
  172  14:34  Stalker, Zealot  
  188  14:51  Colossus  
  194  14:55  Colossus  
  180  15:31  Nexus  
  180  15:32  Pylon  
  180  15:34  Pylon  
  125  16:00  Stalker x5  
  125  16:01  Stalker x3  
  125  16:02  Stalker x2  
  124  16:35  Stalker, Stargate  
  124  16:36  Stalker x2  
  124  16:37  Zealot x3  
  124  16:38  Zealot x4  
  143  16:40  Stargate  
  143  16:51  Pylon  
  143  16:53  Pylon  
  142  16:55  Pylon  
  142  16:58  Pylon  
  142  17:00  Zealot x3  
  142  17:01  Zealot x4  
  152  17:02  Stalker x2  
  152  17:03  Stalker  
  162  17:10  Photon Cannon  
  162  17:12  Photon Cannon  
  160  17:21  Zealot x4  
  160  17:22  Zealot x3  
  172  17:32  Stargate  
  172  17:34  Stargate  
  172  17:37  Photon Cannon  
  172  17:38  Shield Battery  
  172  17:41  Photon Cannon  
  172  17:42  Stargate  
  172  17:44  Fleet Beacon  
  172  17:45  Assimilator  
  172  17:47  Assimilator  
  172  18:02  Nexus  
  172  18:05  Pylon  
  172  18:06  Pylon  
  172  18:15  Zealot x3  
  172  18:16  Stalker, Zealot x2  
  172  18:17  Stalker x4  
  192  18:28  Dark Shrine  
  192  18:29  Tempest x2 (Chrono Boost)  
  159  18:56  Gateway  
  159  18:57  Gateway  
  159  19:00  Photon Cannon  
  159  19:02  Photon Cannon  
  163  19:04  Shield Battery  
  163  19:06  Shield Battery  
  158  19:27  Zealot  
  158  19:28  Zealot x2  
  150  20:10  Nexus  
  150  20:14  Pylon  
  150  20:17  Pylon  
  150  20:30  Assimilator  
  150  20:34  Assimilator  
  150  20:36  Pylon  
  150  20:40  Pylon  
  150  21:02  Pylon  
  150  21:04  Pylon  
  150  21:05  Pylon  
  95  21:49  Gateway  
  95  21:51  Gateway  
  85  21:57  Nexus  
Tags
 
Add a new tag
Caveats
  • Supply blocks, unpowered buildings, or Contaminate may cause inaccurate times.
  • Supply counts are checked every 10 seconds.